 Dungeon Crawl Stone Soup version 0.17.0-27-g4a3f43e (webtiles) character file.

37313 inmateoo the Sharpshooter (level 13, -2/114 HPs)
             Began as a Centaur Hunter on Nov 21, 2015.
             Was the Champion of Okawaru.
             Slain by a spiny frog (16 damage)
             ... on level 8 of the Lair of Beasts.
             The game lasted 01:00:24 (24535 turns).

inmateoo the Sharpshooter (Centaur Hunter)         Turns: 24535, Time: 01:00:24

Health: -2/114     AC: 22    Str: 19    XL:     13   Next: 57%
Magic:  0/15       EV: 10    Int: 11    God:    Okawaru [******]
Gold:   833        SH:  0    Dex: 10    Spells: 1 memorised, 11 levels left

rFire  + . .     SeeInvis .     u - +2 dagger (venom)
rCold  + . .     Clarity  .     Y - +0 troll leather armour
rNeg   . . .     SustAt   .     (no shield)
rPois  .         Gourm    .     y - +1 hat {MR+}
rElec  .         Spirit   +     W - +0 cloak (curse)
rCorr  .         Warding  .     V - +0 pair of gloves
rMut   .         Stasis   .     d - +2 centaur barding {Fly}
MR     +....                    I - amulet "Vaklan" {Spirit rC+}
Stlth  +.........               L - +3 ring of slaying
                                G - +3 ring of protection

@: very quick, somewhat resistant to hostile enchantments, very unstealthy
A: hooves 3, slimy green scales 1, breathe flames 1, clever 1, clumsy 1,
deformed body, fire resistance 1, speed 2, tough skin 3, subdued magic 1
a: Heroism, Finesse, Renounce Religion, Breathe Fire, Evoke Flight


You were on level 8 of the Lair of Beasts.
You worshipped Okawaru.
Okawaru was exalted by your worship.
You were not hungry.

You visited 3 branches of the dungeon, and saw 20 of its levels.

You collected 1355 gold pieces.
You spent 198 gold pieces at shops.

Inventory:

Hand Weapons
 u - a +2 dagger of venom (weapon)
 B - a +2 triple crossbow of freezing
Missiles
 g - 6 poisoned bolts
 n - 15 bolts of frost
 F - 12 silver bolts
 T - 9 bolts of flame
 U - 11 steel bolts
 Z - 5 bolts
Armour
 d - a +2 centaur barding of flying (worn)
 y - a +1 hat of magic resistance (worn)
 J - a +1 ring mail of magic resistance
 V - a +0 pair of gloves (worn)
 W - a cursed +0 cloak (worn)
 Y - a +0 troll leather armour (worn)
Jewellery
 p - the amulet of Nicolam {Spirit rN+ MR+}
   (You found it on level 1 of the Lair of Beasts)

   [amulet of guardian spirit]

   It causes incoming damage to be split between your health and magic.
   It protects you from negative energy.
   It affects your resistance to hostile enchantments.
 q - an uncursed ring of protection from fire
 v - an uncursed amulet of resist corrosion
 D - a cursed ring of teleportation
 G - a +3 ring of protection (left hand)
 I - the amulet "Vaklan" (around neck) {Spirit rC+}
   (You found it on level 1 of the Lair of Beasts)

   [amulet of guardian spirit]

   It causes incoming damage to be split between your health and magic.
   It protects you from cold.
 L - a +3 ring of slaying (right hand)
 O - an uncursed ring of see invisible
Wands
 a - a wand of fireball (7)
 m - a wand of frost (23)
 r - a wand of digging (10)
 x - a wand of cold (8)
 E - a wand of polymorph (11)
 S - a wand of paralysis (24)
Scrolls
 k - a scroll of enchant armour
 s - 8 scrolls of remove curse
 C - a scroll of enchant weapon
 H - 5 scrolls of fear
 M - 2 scrolls of fog
 N - 3 scrolls of amnesia
 Q - 2 scrolls of teleportation
 X - a scroll of identify
Potions
 b - 6 potions of haste
 c - 2 potions of might
 f - 4 potions of magic
 i - 3 potions of brilliance
 j - 5 potions of agility
 l - 2 potions of flight
 t - 2 potions of ambrosia
 w - 3 potions of curing
 A - 2 potions of cancellation
 K - a potion of heal wounds
 R - a potion of cure mutation
Comestibles
 e - 9 bread rations
 h - 20 fruits
 o - 2 meat rations
 z - 11 royal jellies


   Skills:
 + Level 10.4 Fighting
 - Level 0.6 Short Blades
 * Level 15.9 Crossbows
 + Level 8.1 Armour
 + Level 8.4 Dodging
 - Level 0.5 Stealth
 + Level 1.4 Spellcasting
 + Level 1.6 Charms
 + Level 1.5 Necromancy


You had 11 spell levels left.
You knew the following spells:

 Your Spells              Type           Power        Failure   Level  Hunger
a - Regeneration          Chrm/Necr      #.........   54%         3    ####...


Dungeon Overview and Level Annotations

Branches:
Dungeon (11/15)            Temple (1/1) D:7            Lair (8/8) D:9
 Shoals (0/4) Lair:3       Spider (0/4) Lair:6        Slime (0/6) Lair:6
    Orc (0/4) D:9

Altars:
Elyvilon
Fedhas
Gozag
Kikubaaqudgha
Makhleb
Okawaru
Ru
Sif Muna
Trog
Xom
Yredelemnul
The Shining One

Shops:
D:9 (

Annotations:
D:8 Tomek12's ghost, novice DsFi


Innate Abilities, Weirdness & Mutations

You have hooves in place of feet.
Armour fits poorly on your strangely shaped body.
You cover ground very quickly.
You have extremely tough skin (AC +3).
You are partially covered in slimy green scales (AC +2).
You can breathe flames.
Your mind is acute. (Int +2)
You are clumsy. (Dex -2)
Your flesh is heat resistant.
Your spells are a little easier to cast, but a little less powerful.


Message History

The spiny frog completely misses Nomn.
The black mamba bites Nomn but does no damage.
The blink frog blinks!
Nomn hits the spiny frog with a trident of freezing.
Nomn freezes the spiny frog.
Unknown command.
Unknown command.
The spiny frog stings you!!
* * * LOW HITPOINT WARNING * * *
The black mamba completely misses Nomn.
The spiny frog stings Nomn.
Nomn hits the spiny frog with a trident of freezing!!
Nomn freezes the spiny frog.
The spiny frog dies!
Okawaru accepts your kill.
The giant frog hits you but does no damage.
Unknown command.
You barely miss the spiny frog.
You kick the spiny frog, but do no damage.
The black mamba completely misses Nomn.
The spiny frog stings you!
You die...

.......##.#....##
........P..#.#..####
................P..#
...............PPP.##
...............PPP.P#
.................PP## ##
.........P......F.P.##.#
...................P..# #
......P#....#..†@F..P.##.#
....PPP....#.#.#.F.......##
.)...PP.#######.#m.........
#....P #..#SF†....... . ..
#.##.......... ##
#..†......P #.##........
..# ......... P≈. ≈........


You could see a black mamba, a spiny frog, 2 blink frogs, a giant frog and the
friendly Nomn the merfolk impaler.

Vanquished Creatures
  Snorg (D:10)
  3 death yaks
  An unseen horror (D:10)
  A hill giant (D:10)
  Pikel (D:5)
  3 elephants
  A black mamba (Lair:7)
  An ice statue (Lair:1)
  Psyche (D:8)
  A komodo dragon (Lair:1)
  A polar bear (Lair:1)
  A troll (D:9)
  4 blink frogs
  A wraith (D:8)
  Sigmund (D:3)
  A deep elf mage (D:10)
  8 yaks
  A trapdoor spider (D:10)
  A hungry ghost (D:9)
  Grum (D:8)
  A steam dragon (D:9)
  2 vampire mosquitoes (Lair:8)
  3 ice beasts
  6 wolves
  A porcupine (Lair:6)
  2 water moccasins (Lair:5)
  2 black bears
  A wasp (D:10)
  6 ogres
  3 sky beasts
  An eye of draining (D:10)
  A slave (D:5)
  3 phantoms
  A centaur (D:6)
  6 orc warriors
  3 crocodiles
  A necrophage (D:10)
  4 big kobolds
  11 giant frogs
  A wyvern zombie (D:6)
  5 scorpions
  A water moccasin skeleton (D:10)
  4 killer bees (D:5)
  5 crimson imps
  A lava snake (D:9)
  2 centaur zombies
  8 jellies
  8 hounds
  8 orc priests
  2 giant frog skeletons (D:8)
  16 orc wizards
  4 iguanas
  6 worker ants
  3 sheep
  A worker ant zombie (D:9)
  Robin (D:3)
  5 gnolls
  13 adders
  4 river rats
  2 shadow imps
  A white imp (Lair:1)
  6 oozes
  An adder skeleton (D:9)
  5 worms (D:3)
  5 giant geckos
  49 orcs
  5 ball pythons
  8 bats
  8 giant cockroaches
  14 hobgoblins
  28 jackals
  49 kobolds
  5 quokkas
  6 giant newts
  20 goblins
  A jackal skeleton (D:6)
  A jackal zombie (D:7)
  13 rats
  2 fungi
419 creatures vanquished.

Vanquished Creatures (collateral kills)
  An ice dragon (Lair:1)
  3 hydras
  2 catoblepae (Lair:4)
  9 death yaks
  Sonja (Lair:3)
  A siren (Lair:3)
  22 elephants
  4 black mambas
  13 spiny frogs
  A centaur skeleton (D:11)
  3 fire drakes
  9 komodo dragons
  A troll (D:11)
  3 polar bears
  A boulder beetle (Lair:6)
  21 blink frogs
  A basilisk (Lair:8)
  A wyvern (Lair:6)
  15 yaks
  5 hippogriffs
  9 wolves
  A vampire mosquito (Lair:8)
  6 water moccasins
  4 porcupines
  3 ice beasts (Lair:1)
  A wasp (Lair:6)
  10 crocodiles
  3 big kobolds (Lair:6)
  3 giant frogs
  A scorpion (Lair:1)
  An electric eel (Lair:3)
  A jelly (Lair:6)
  5 hell rats (Lair:2)
  A worker ant (Lair:6)
  5 iguanas
  17 sheep
  42 river rats
  2 white imps (Lair:1)
  2 oozes (Lair:6)
  3 worms (Lair:6)
  A giant cockroach (Lair:6)
  12 rats (Lair:2)
  A butterfly (Lair:7)
  A plant (Lair:2)
252 creatures vanquished.

Vanquished Creatures (others)
  Eustachio (D:5)
  A water moccasin (Lair:6)
  A slave (D:5)
  A giant frog (Lair:6)
  A sheep (Lair:6)
  A worm (D:5)
  47 fungi
  18 plants
71 creatures vanquished.

Grand Total: 742 creatures vanquished

Notes
Turn   | Place    | Note
--------------------------------------------------------------
     0 | D:1      | inmateoo the Centaur Hunter began the quest for the Orb.
     0 | D:1      | Reached XP level 1. HP: 17/17 MP: 1/1
   159 | D:1      | Reached XP level 2. HP: 14/24 MP: 2/2
   175 | D:1      | Reached skill level 5 in Crossbows
   849 | D:1      | Reached XP level 3. HP: 29/29 MP: 3/3
  1560 | D:2      | Reached XP level 4. HP: 29/36 MP: 4/4
  2126 | D:2      | Found a deep blue altar of Sif Muna.
  2256 | D:2      | Found a bloodstained altar of Trog.
  2725 | D:3      | Found a blossoming altar of Fedhas.
  2753 | D:3      | Reached skill level 6 in Crossbows
  2827 | D:3      | Reached XP level 5. HP: 40/42 MP: 5/5
  2942 | D:3      | Gained mutation: You are clumsy. (Dex -2) [potion of mutation]
  2942 | D:3      | Gained mutation: Your flesh is cold resistant. [potion of mutation]
  2942 | D:3      | Gained mutation: You are partially covered in slimy green scales (AC +2). [potion of mutation]
  3148 | D:3      | Reached skill level 1 in Armour
  3681 | D:3      | Noticed Robin
  3712 | D:3      | Killed Robin
  3712 | D:3      | Reached XP level 6. HP: 44/50 MP: 6/6
  3905 | D:3      | Noticed a big kobold
  3944 | D:3      | Killed a big kobold
  4227 | D:3      | Noticed a big kobold
  4256 | D:3      | Killed a big kobold
  4256 | D:3      | Reached skill level 7 in Crossbows
  4342 | D:3      | Noticed a big kobold
  4443 | D:3      | Killed a big kobold
  4443 | D:3      | Reached XP level 7. HP: 41/57 MP: 7/7
  4681 | D:3      | Noticed Sigmund
  5155 | D:3      | Killed Sigmund
  5871 | D:4      | Reached skill level 8 in Crossbows
  6006 | D:4      | Reached XP level 8. HP: 48/66 MP: 8/8
  6430 | D:5      | Entered Level 5 of the Dungeon
  6503 | D:5      | Noticed Pikel
  6553 | D:5      | Killed Pikel
  6553 | D:5      | Reached skill level 9 in Crossbows
  6693 | D:5      | Found a basalt altar of Yredelemnul.
  6694 | D:5      | Noticed Eustachio
  6720 | D:5      | Killed Eustachio
  6720 | D:5      | Reached skill level 5 in Fighting
  7052 | D:5      | Found a shimmering altar of Xom.
  7054 | D:5      | Found a shimmering altar of Xom.
  7055 | D:5      | Found a shimmering altar of Xom.
  7403 | D:5      | Reached XP level 9. HP: 68/74 MP: 9/9
  7509 | D:5      | Found a shimmering altar of Xom.
  7509 | D:5      | Found a shimmering altar of Xom.
  7511 | D:5      | Found a shimmering altar of Xom.
  7520 | D:5      | Found a shimmering altar of Xom.
  7752 | D:6      | Found a basalt altar of Yredelemnul.
  8052 | D:6      | Reached skill level 10 in Crossbows
  9460 | D:7      | Found a sacrificial altar of Ru.
  9465 | D:7      | Found an opulent altar of Gozag.
  9515 | D:7      | Found a staircase to the Ecumenical Temple.
  9552 | Temple   | Entered the Ecumenical Temple
  9571 | Temple   | Became a worshipper of Warmaster Okawaru
 10056 | D:7      | Found an ancient bone altar of Kikubaaqudgha.
 10093 | D:7      | Got a steaming lajatang
 10094 | D:7      | Identified the cursed +2 lajatang "Romoz" {venom, *Rage rPois Str+2 Dex-4} (You found it on level 7 of the Dungeon)
 10210 | D:8      | Noticed Tomek12's ghost (novice DsFi)
 10374 | D:8      | Noticed Psyche
 10387 | D:8      | Killed Psyche
 10387 | D:8      | Reached skill level 11 in Crossbows
 10387 | D:8      | Reached skill level 5 in Dodging
 10678 | D:8      | Noticed Grum
 10686 | D:8      | Killed Grum
 10686 | D:8      | Reached XP level 10. HP: 82/84 MP: 10/10
 10806 | D:8      | Reached * piety under Okawaru
 11876 | D:9      | Found Bots's Antique Weapon Emporium.
 11883 | D:9      | Bought a crystal rapier for 198 gold pieces
 11884 | D:9      | Identified the +7 rapier "Killer Klown's Curse" {pain, MR+ Dex+3} (You bought it in a shop on level 9 of the Dungeon)
 12119 | D:9      | Reached skill level 5 in Armour
 12353 | D:9      | Found a staircase to the Lair.
 12406 | D:9      | Found a staircase to the Orcish Mines.
 12523 | D:9      | Reached ** piety under Okawaru
 12818 | D:9      | Reached skill level 12 in Crossbows
 13874 | D:10     | Entered Level 10 of the Dungeon
 14530 | D:10     | Noticed a hill giant
 14546 | D:10     | Killed a hill giant
 14546 | D:10     | Reached *** piety under Okawaru
 14608 | D:10     | Noticed Snorg
 14978 | D:10     | Gained mutation: Your spells are a little easier to cast, but a little less powerful. [mutagenic meat]
 14996 | D:10     | Reached XP level 11. HP: 82/92 MP: 11/11
 15753 | D:10     | Killed Snorg
 15753 | D:10     | Reached **** piety under Okawaru
 16285 | D:10     | Noticed an unseen horror
 16301 | D:10     | Killed an unseen horror
 16301 | D:10     | Received a gift from Okawaru
 16376 | D:11     | Hired Nomn the merfolk for 324 gold.
 16380 | D:11     | Reached skill level 13 in Crossbows
 16513 | Lair:1   | Entered Level 1 of the Lair of Beasts
 16542 | Lair:1   | Received a gift from Okawaru
 17379 | Lair:1   | Received a gift from Okawaru
 17510 | Lair:1   | Received a gift from Okawaru
 17541 | Lair:1   | Learned a level 3 spell: Regeneration
 17563 | Lair:1   | Got a flickering jade amulet
 17565 | Lair:1   | Identified the Disquisition on Confrontation
 17568 | Lair:1   | Got a twitching graven amulet
 17573 | Lair:1   | Identified the Disquisition on Attacks
 17588 | Lair:1   | Identified the amulet "Vaklan" {Spirit rC+} (You found it on level 1 of the Lair of Beasts)
 17589 | Lair:1   | Identified the amulet of Nicolam {Spirit rN+ MR+} (You found it on level 1 of the Lair of Beasts)
 17760 | Lair:1   | Noticed an ice dragon
 17781 | Lair:1   | Killed an ice dragon
 17781 | Lair:1   | Reached ***** piety under Okawaru
 18095 | Lair:2   | Found a burning altar of Makhleb.
 18161 | Lair:2   | Noticed a death yak
 18164 | Lair:2   | Noticed a death yak
 18166 | Lair:2   | Noticed a death yak
 18175 | Lair:2   | Killed a death yak
 18185 | Lair:2   | Killed a death yak
 18200 | Lair:2   | Killed a death yak
 18221 | Lair:2   | Received a gift from Okawaru
 18477 | Lair:2   | You fall through a shaft for 2 floors!
 18501 | Lair:4   | Noticed a seven-headed hydra
 19050 | Lair:2   | Reached XP level 12. HP: 103/103 MP: 12/12
 19455 | Lair:3   | Noticed Sonja
 19465 | Lair:3   | Killed Sonja
 19465 | Lair:3   | Reached skill level 14 in Crossbows
 19616 | Lair:3   | You fall through a shaft for 3 floors!
 19703 | Lair:4   | Noticed a catoblepas
 20048 | Lair:3   | Found a staircase to the Shoals.
 20476 | Lair:4   | Noticed a catoblepas
 20492 | Lair:4   | Killed a catoblepas
 20531 | Lair:4   | Reached ****** piety under Okawaru
 20807 | Lair:4   | Received a gift from Okawaru
 20814 | Lair:4   | Got a brightly glowing hat {god gift}
 20815 | Lair:4   | Identified the +0 hat of Sotywk {+Inv} (Okawaru gifted it to you on level 4 of the Lair of Beasts)
 20955 | Lair:4   | Killed a seven-headed hydra
 21198 | Lair:4   | Reached skill level 15 in Crossbows
 21260 | Lair:4   | Killed a catoblepas
 21840 | Lair:5   | Received a gift from Okawaru
 21974 | Lair:5   | Reached skill level 10 in Fighting
 22516 | Lair:6   | Received a gift from Okawaru
 22535 | Lair:6   | Reached XP level 13. HP: 87/113 MP: 11/13
 22730 | Lair:6   | Found a hole to the Spider Nest.
 22856 | Lair:6   | Found a staircase to the Slime Pits.
 23252 | Lair:6   | Lost mutation: Your flesh is cold resistant. [helix card]
 23256 | Lair:6   | Drew Focus: Str increased to 19, Int decreased to 9
 23504 | Lair:7   | Gained mutation: You can breathe flames. [potion of mutation]
 23504 | Lair:7   | Gained mutation: Your flesh is heat resistant. [potion of mutation]
 23504 | Lair:7   | Gained mutation: Your mind is acute. (Int +2) [potion of mutation]
 23624 | Lair:7   | Received a gift from Okawaru
 23626 | Lair:7   | Reached skill level 1 in Charms
 23821 | Lair:7   | Identified a scroll of acquirement
 24073 | Lair:7   | Reached skill level 1 in Necromancy
 24094 | Lair:7   | Reached skill level 1 in Spellcasting
 24356 | Lair:8   | Entered Level 8 of the Lair of Beasts
 24535 | Lair:8   | Slain by a spiny frog

Action                   |  1- 3 |  4- 6 |  7- 9 | 10-12 | 13-15 || total
-------------------------+-------+-------+-------+-------+-------++-------
Melee: Short sword       |   139 |   175 |       |       |       ||   314
       Dagger            |       |   140 |   469 |   855 |   195 ||  1659
       Rapier            |       |       |       |    20 |       ||    20
 Fire: Hand crossbow     |    12 |    36 |   109 |    42 |       ||   199
       Arbalest          |       |       |    13 |    24 |       ||    37
       Triple crossbow   |       |       |       |       |     1 ||     1
Invok: Heroism           |       |       |       |     1 |       ||     1
 Abil: Stop Flying       |       |       |       |       |     1 ||     1
Evoke: Wand              |       |     1 |     2 |     4 |       ||     7
       Deck              |       |       |     2 |     5 |     8 ||    15
  Use: Scroll            |     1 |    10 |    10 |    23 |     6 ||    50
       Potion            |       |     1 |     1 |     5 |     2 ||     9
 Stab: Paralysed         |       |     4 |       |    10 |       ||    14
       Invisible         |       |       |       |     2 |       ||     2
       Distracted        |       |       |       |       |     1 ||     1
  Eat: Chunk             |     1 |     8 |    13 |    16 |     4 ||    42
       Bread ration      |       |       |     1 |       |       ||     1
       Fruit             |       |       |       |     2 |       ||     2
       Meat ration       |       |       |       |     3 |       ||     3
       Beef jerky        |       |       |       |     1 |     2 ||     3
       Pizza             |       |       |       |     2 |     1 ||     3
